 Dungeon Crawl Stone Soup version 0.31.0-4-g52a2dc7128 (webtiles) character file.

Game seed: 16009937196390043695

18 MollyMolluskus the Ducker (level 2, -5/21 HPs)
             Began as an Octopode Fighter on Jan 21, 2024.
             Slain by Sigmund
             ... wielding a +2 scythe of protection
              (10 damage)
             ... on level 2 of the Dungeon.
             The game lasted 00:01:41 (693 turns).

MollyMolluskus the Ducker (Octopode Fighter)         Turns: 693, Time: 00:01:42

Health: -5/21      AC:  1    Str: 12 (15) XL:     2   Next: 70%
Magic:  2/2        EV: 12    Int:  9 (10) God:
Gold:   26         SH:  4    Dex:  8 (11) Spells: 1/1 levels left

rFire   . .          .
                       - Unarmed
rCold   . . .        a - +0 buckler
rNeg    . . .        (helmet restricted)
rPois   .            (no amulet)
rElec   .            (no ring)
rCorr   .            (no ring)
SInv    .            (no ring)
Will    .....        (no ring)
Stlth   ++           (no ring)
HPRegen 0.23/turn    (no ring)
MPRegen 0.08/turn    (no ring)
                     (no ring)

%: no passive effects
@: no status effects
A: almost no armour, amphibious, 8 rings, camouflage 1, gelatinous body 1,
(nimble swimmer 1), tentacles
a: no special abilities


You were on level 2 of the Dungeon.
You visited 1 branch of the dungeon, and saw 2 of its levels.

You collected 26 gold pieces.

Inventory:

Missiles
 c - 15 stones (quivered)
 f - 6 javelins
Armour
 a - a +0 buckler (worn)
Scrolls
 d - 2 scrolls of revelation
 e - a scroll of identify
 h - a scroll of poison
Potions
 b - a potion of might


   Skills:
 + Level 3.1 Fighting
 + Level 3.1 Dodging
 + Level 1.3 Stealth
 + Level 3.1 Shields
 * Level 2.4 Unarmed Combat


You had one spell level left.
You didn't know any spells.
Your spell library was empty.

Dungeon Overview and Level Annotations

Branches:
Dungeon (2/15)

Altars:

Annotations:
D:2 Sigmund


Innate Abilities, Weirdness & Mutations

You cannot wear most types of armour.
You are amphibious.
You can wear up to eight rings at the same time.
Your skin changes colour to match your surroundings (Stealth+).
Your rubbery body absorbs attacks. (AC +1, EV +1)
((You are camouflaged when in or above water. (Stealth+)))
You have tentacles for arms and can constrict up to eight enemies at once.


Message History

There is a stone staircase leading up here.
As you read the scroll labelled DESCHU ONILLY, it crumbles to dust.
You feel aware of your surroundings.
You sensed 1 altar.
It was a scroll of revelation.
A hobgoblin comes into view.
As you read the scroll labelled HOODEKHEROI, it crumbles to dust.
It is a scroll of identify.
h - a scroll of poison
Found a scroll of poison.
Found a falchion.
The hobgoblin shouts!
Sigmund the Dreaded comes into view.
He is wielding a +2 scythe of protection.
The hobgoblin hits you.
You closely miss the hobgoblin. Your grab misses the hobgoblin.
Your squeeze misses the hobgoblin.
You tentacle-slap the hobgoblin but do no damage.
Your grab misses the hobgoblin. The hobgoblin closely misses you.
The hobgoblin barely misses you.
You barely miss the hobgoblin. You grab the hobgoblin.
You constrict the hobgoblin. The hobgoblin hits you.
Sigmund casts a spell.
Sigmund flickers and vanishes!
Deactivating autopickup; reactivate with Ctrl-A.
You tentacle-slap the hobgoblin.
The hobgoblin is heavily wounded.
You constrict the hobgoblin. The hobgoblin closely misses you.
You tentacle-slap the hobgoblin.
You squeeze the hobgoblin, but do no damage.
The hobgoblin is almost dead.
You constrict the hobgoblin.
You kill the hobgoblin!
Something completely misses you.
You miss something. Something barely misses you.
You closely miss something. Something hits you!
* * * LOW HITPOINT WARNING * * *
It was a potion of degeneration.
There was something very wrong with that liquid.
You feel weakened.
You feel dopey.
You feel clumsy.
You closely miss something. Something hits you!
You die...

**,,,,<,,,,,,,,*,,,,,,**,**,,**
*,,,,,,,,,,,,,,****,,,*,,***,,,
*,,,,,,,,,,,,*,,,,,,,,,,,,,,,,,
*,,,,,,,,,,,,###***,*,*,,******
**,,,,,,,,,,,..# *,,,,,,,*** *
**,,,*,,,,**#.######...#...#**
*****,,,** #.######.#......,,
*,,,* #.######...###..,* *,,,*
#@######..######,* **,,,*
#.######..######,,
*,,,,***#...####........,,
*,*,,,,*###.####....###.,,
*,**,,.*###.####<.#..#..,,
*,,,,,....#..#.........#,,
*,,,,).?..........##.###,*
*,,,,......##.....##.##.,*
*,***#####..$.##..##..#.**


There were no monsters in sight!

Vanquished Creatures
  4 endoplasms (D:1)
  A giant cockroach (D:1)
  A goblin (D:1)
  A hobgoblin (D:2)
  3 ball pythons (D:1)
  A frilled lizard (D:1)
  4 kobolds (D:1)
  2 rats (D:1)
17 creatures vanquished.

Notes
Turn   | Place    | Note
-------+----------+-------------------------------------------
     0 | D:1      | MollyMolluskus the Octopode Fighter began the quest for the
                  | Orb.
     0 | D:1      | Reached XP level 1. HP: 16/16 MP: 1/1
   202 | D:1      | Reached skill level 1 in Stealth
   202 | D:1      | Reached XP level 2. HP: 21/21 MP: 2/2
   683 | D:2      | Noticed Sigmund
   693 | D:2      | Slain by Sigmund

Illustrated notes

Levels and vault maps discovered:
D:1:      matt_arrival_los_fun, layout_basic, nicolae_twisty_statue_hallways
D:2:      layout_rooms, nicolae_ecumenical_snake_handling,
          kennysheep_generic_room_8, uniq_natasha, uniq_sigmund

Skill      XL: |  1 |
---------------+----+-----
Stealth        | 1 |  1.3
Fighting       | |  3.1
Dodging        | |  3.1
Shields        | |  3.1
Unarmed Combat | |  2.4

Action                     || total
---------------------------++-------
  Melee: Unarmed           ||    36
         Constrict         ||     6
         Tentacles         ||     4
    Use: Scroll            ||     2
         Potion            ||     1
   Stab: Sleeping          ||     4
 Armour: Skin              ||    10
  Dodge: Dodged            ||    18
  Block: Buckler           ||     3
